 Dungeon Crawl Stone Soup version 0.28-b1-25-g9875b3fc8c (webtiles) character file.

Game seed: 18389857799758385301

142 mopl the Vexing (level 5, -4/28 HPs)
             Began as a Deep Elf Enchanter on Feb 8, 2022.
             Killed from afar by Duvessa (7 damage)
             ... with a puff of flame
             ... on level 4 of the Dungeon.
             The game lasted 00:05:00 (2931 turns).

mopl the Vexing (Deep Elf Enchanter)                Turns: 2931, Time: 00:05:01

Health: -4/28      AC:  3    Str:  5    XL:     5   Next: 3%
Magic:  4/13       EV: 12    Int: 22    God:
Gold:   95         SH:  0    Dex: 15    Spells: 1/12 levels left

rFire   . . .      SeeInvis .   a - +1 dagger (speed)
rCold   . . .      Faith    .   (no shield)
rNeg    + . .      Spirit   .   b - +0 robe
rPois   .          Reflect  .   (no helmet)
rElec   .          Harm     .   l - +0 cloak
rCorr   .          Rampage  .   (no gloves)
Will    .....                   (no boots)
Stlth   +++.......              (no amulet)
HPRegen 0.09/turn               h - ring of positive energy
MPRegen 0.13/turn               (no ring)

@: no status effects
A: no striking features
a: no special abilities


You were on level 4 of the Dungeon.
You visited 1 branch of the dungeon, and saw 4 of its levels.

You collected 95 gold pieces.

Inventory:

Hand Weapons
 a - a +1 dagger of speed (weapon)
Missiles
 g - 5 boomerangs (quivered)
Armour
 b - a +0 robe (worn)
 l - a +0 cloak (worn)
Jewellery
 h - a ring of positive energy (left hand)
Scrolls
 d - 3 scrolls of immolation {unknown}
 e - 2 scrolls of identify {unknown}
 i - 3 scrolls of teleportation {unknown}
 m - a scroll of acquirement {unknown}
Potions
 c - a potion of invisibility
 f - a potion of curing {unknown}
 j - 3 potions of haste {unknown}
 k - a potion of might {unknown}
 n - a potion of ambrosia {unknown}
 o - a potion of mutation {unknown}


   Skills:
 + Level 1.9 Short Blades
 - Level 2.4 Dodging
 * Level 4.8 Stealth
 * Level 4.2 Spellcasting
 + Level 0.6 Conjurations
 * Level 5.1 Hexes
 + Level 1.3 Ice Magic


You had one spell level left.
You knew the following spells:

 Your Spells              Type           Power      Damage    Failure   Level
a - Dazzling Flash        Conj/Hex       34%        N/A       10%         3
b - Ensorcelled Hibernat  Hex/Ice        36%        N/A       4%          2
c - Confusing Touch       Hex            27%        N/A       4%          3
d - Tukima's Dance        Hex            27%        N/A       4%          3

Your spell library contained the following spells:

 Spells                   Type           Power      Damage    Failure   Level
 Corpse Rot               Necr/Air       8%         N/A       17%         2
 Poisonous Vapours        Pois/Air       8%         N/A       17%         2


Dungeon Overview and Level Annotations

Branches:
Dungeon (4/15)
 Temple: D:4-7

Altars:
The Shining One

Shops:
D:3 (*

Annotations:
D:4 Duvessa


Message History

Casting: Tukima's Dance (dangerous; 4% risk of failure)
Confirm with . or Enter, or press ? or * to list all spells.
Aiming: Ensorcelled Hibernation (safe; 4% risk of failure)
Press: ? - help, Shift-Dir - straight line, f/p - Duvessa
Aim: Duvessa, wearing a +0 chain mail and carrying a wand of flame (4) (chance to affect: 33%) Duvessa easily resists.
Unknown command.
Casting: Ensorcelled Hibernation (safe; 4% risk of failure)
Confirm with . or Enter, or press ? or * to list all spells.
Aiming: Ensorcelled Hibernation (safe; 4% risk of failure)
Press: ? - help, Shift-Dir - straight line, f/p - Duvessa
Aim: Duvessa, wearing a +0 chain mail and carrying a wand of flame (4) (ally target, chance to affect: 33%) Duvessa easily resists.
Casting: Ensorcelled Hibernation (safe; 4% risk of failure)
Confirm with . or Enter, or press ? or * to list all spells.
Aiming: Ensorcelled Hibernation (safe; 4% risk of failure)
Press: ? - help, Shift-Dir - straight line, f/p - Duvessa
Aim: Duvessa, wearing a +0 chain mail and carrying a wand of flame (4) (ally target, chance to affect: 33%) Duvessa easily resists.
Casting: Ensorcelled Hibernation (safe; 4% risk of failure)
Confirm with . or Enter, or press ? or * to list all spells.
Aiming: Ensorcelled Hibernation (safe; 4% risk of failure)
Press: ? - help, Shift-Dir - straight line, f/p - Duvessa
Aim: Duvessa, wearing a +0 chain mail and carrying a wand of flame (4) (ally target, chance to affect: 33%) Duvessa easily resists.
Duvessa zaps a wand.
The puff of flame hits you. Duvessa hits you.
Duvessa zaps a wand.
The puff of flame hits you.
Something hits Duvessa but does no damage.
Duvessa says, "I don't care about looks, I care about technique!"
A puff of frost appears from out of your range of vision.
The puff of frost hits your +0 rapier.
Your +0 rapier resists.
Duvessa zaps a wand.
The puff of flame hits you!
* * * LOW HITPOINT WARNING * * *
Your +0 rapier hits Duvessa.
A puff of flame appears from out of your range of vision.
The puff of flame hits your +0 rapier.
Your +0 rapier resists.
Duvessa zaps a wand.
The puff of flame hits you!
You die...

#########
.......@#
#######.#
#.# #.#
#e# #(#
#.# #.#
## #.##.#


You could see Duvessa (ally target) and a friendly +0 rapier.

Vanquished Creatures
  A hound (D:3)
  A hound skeleton (D:3)
  5 adders
  A worm (D:3)
  5 orcs (D:3)
  5 endoplasms
  A giant cockroach (D:2)
  3 goblins
  4 hobgoblins
  4 quokkas
  4 ball pythons
  4 bats
  2 frilled lizards
  5 kobolds
  6 rats
51 creatures vanquished.

Notes
Turn   | Place    | Note
-------+----------+-------------------------------------------
     0 | D:1      | mopl the Deep Elf Enchanter began the quest for the Orb.
     0 | D:1      | Reached XP level 1. HP: 10/10 MP: 6/6
   211 | D:1      | Found a faded altar of an unknown god.
   254 | D:1      | Prayed at the altar of an unknown god.
   254 | D:1      | Became a worshipper of the Shining One
   254 | D:1      | Reached * piety under the Shining One
   255 | D:1      | Fell from the grace of the Shining One
   530 | D:1      | Reached XP level 2. HP: 15/15 MP: 8/8
   533 | D:1      | Learned a level 2 spell: Ensorcelled Hibernation
   579 | D:1      | Reached skill level 4 in Stealth
  1303 | D:1      | Reached XP level 3. HP: 7/19 MP: 0/9
  1841 | D:2      | Learned a level 3 spell: Dazzling Flash
  1845 | D:2      | Learned a level 3 spell: Tukima's Dance
  2144 | D:3      | Reached XP level 4. HP: 24/24 MP: 6/11
  2196 | D:3      | Found Nyttujyg's General Store.
  2257 | D:3      | Reached skill level 1 in Ice Magic
  2392 | D:3      | Reached skill level 4 in Spellcasting
  2392 | D:3      | Reached skill level 5 in Hexes
  2415 | D:3      | Learned a level 3 spell: Confusing Touch
  2503 | D:3      | Found Ypibasox's Weapon Shop.
  2629 | D:3      | Reached XP level 5. HP: 16/28 MP: 8/13
  2914 | D:4      | Noticed Duvessa
  2931 | D:4      | Killed from afar by Duvessa

Illustrated notes

Levels and vault maps discovered:
D:1:      saegor_arrival_simple_a, layout_rooms,
          hellmonk_ecumenical_altar_pennies_from_heaven,
          chequers_hall_statues_wall_a
D:2:      layout_basic, minmay_randomly_rotated_circles, uniq_jessica
D:3:      layout_loops_ring, serial_shops, shop_statue, nicolae_shop_waterfront,
          grunt_ministairs_14
D:4:      layout_loops_ring, st_stairs_5, uniq_duvessa

Skill      XL: |  1  2  3  4 |
---------------+-------------+-----
Stealth        | 4 |  4.8
Ice Magic      | 1 |  1.3
Spellcasting   | 4 |  4.2
Hexes          | 5 |  5.1
Short Blades   | |  1.9
Dodging        | |  2.4
Conjurations   | |  0.6

Action                   |  1- 3 |  4- 6 || total
-------------------------+-------+-------++-------
Melee: Dagger            |   108 |    40 ||   148
       Punch             |     1 |       ||     1
 Cast: Ensorcelled Hiber |    23 |    13 ||    36
       Tukima's Dance    |       |     1 ||     1
Invok: Renounce Religion |     1 |       ||     1
 Stab: Sleeping          |    23 |     9 ||    32
Armor: Robe              |    19 |     4 ||    23
Dodge: Dodged            |    72 |    18 ||    90
